 Dungeon Crawl Stone Soup version 0.23-b1-6-ga921848b48 (webtiles) character file.

Game seed: 7982424512731323817

79425 LostNumber the Protected (level 15, -3/118 HPs)
             Began as a Gnoll Warper on Feb 2, 2019.
             Was a High Priest of Trog.
             Killed from afar by a deep elf knight (22 damage)
             ... with an orb of energy
             ... on level 13 of the Dungeon.
             The game lasted 00:54:35 (27551 turns).

LostNumber the Protected (Gnoll Warper)            Turns: 27551, Time: 00:54:35

Health: -3/118     AC: 22    Str: 16    XL:     15   Next: 63%
Magic:  30/30      EV: 12    Int: 24    God:    Trog [*****.]
Gold:   534        SH:  6    Dex: 13    Spells: 26/36 levels left

rFire    . . .     SeeInvis .   L - +8 whip "Snakebite" {curare, rPois}
rCold    . . .     Gourm    .   s - +0 buckler
rNeg     . . .     Faith    .   m - +3 chain mail of Gallantry {Regen+ Str-3 Int+8 Dex-2}
rPois    +         Spirit   .   J - +0 helmet
rElec    .         Reflect  .   i - scarf {repulsion}
rCorr    .         Harm     .   (no gloves)
MR       ++++.                  (no boots)
Stlth    +.........             U - amulet of regeneration
HPRegen  2.09/turn              u - ring of protection from magic
MPRegen  0.22/turn              b - +6 ring of protection

@: regenerating, studying Armour, repel missiles
A: distributed training, fangs 1, strong nose
a: Berserk, Trog's Hand, Brothers in Arms, Renounce Religion


You were on level 13 of the Dungeon.
You worshipped Trog.
Trog was extremely pleased with you.
You were not hungry.

You visited 2 branches of the dungeon, and saw 21 of its levels.
You also visited: Gauntlet.

You collected 1413 gold pieces.
You spent 879 gold pieces at shops.

Inventory:

Hand Weapons
 t - a +3 broad axe of freezing
 H - a +3 falchion of flaming
 L - the +8 whip "Snakebite" (weapon) {curare, rPois}
   (You found it on level 4 of the Lair of Beasts)

   It poisons the flesh of those it strikes.
   It protects you from poison.
Armour
 i - a scarf of repulsion (worn)
 m - the +3 chain mail of Gallantry (worn) {Regen+ Str-3 Int+8 Dex-2}
   (You bought it in a shop on level 14 of the Dungeon)

   It affects your strength (-3).
   It affects your intelligence (+8).
   It affects your dexterity (-2).
   It increases your rate of regeneration.
 s - a +0 buckler (worn)
 D - the +3 ring mail of the Skies Above {rPois Str+6 Dex+2 Stlth-}
   (You found it on level 6 of the Dungeon)

   It affects your strength (+6).
   It affects your dexterity (+2).
   It protects you from poison.
   It makes you less stealthy.
 J - a +0 helmet (worn)
Jewellery
 a - an uncursed ring of see invisible
 b - a +6 ring of protection (right hand)
 u - a ring of protection from magic (left hand)
 U - an amulet of regeneration (around neck)
Wands
 h - a wand of acid (8)
 x - a wand of paralysis (10)
 y - a wand of scattershot (5)
 F - a wand of clouds (2)
 O - a wand of disintegration (21)
 Q - a wand of iceblast (38)
 S - a wand of digging (4)
 T - a wand of flame (19)
Scrolls
 c - 11 scrolls of teleportation
 d - 2 scrolls of blinking
 j - 5 scrolls of enchant armour
 l - 2 scrolls of magic mapping
 o - 5 scrolls of fog
 B - 8 scrolls of remove curse
 C - a scroll of vulnerability
 E - 3 scrolls of fear
 K - 2 scrolls of immolation
 M - a scroll of brand weapon
 R - a scroll of torment
Potions
 g - 7 potions of haste
 k - 3 potions of invisibility
 n - 5 potions of might
 p - 3 potions of curing
 r - 2 potions of mutation
 w - 2 potions of cancellation
 z - 6 potions of heal wounds
 A - 2 potions of agility
 N - 2 potions of brilliance
 V - a potion of ambrosia {unknown}
 X - 2 potions of resistance
 Y - a potion of lignification
 Z - 3 potions of flight
Books
 v - a manual of Armour
Comestibles
 f - 41 rations


   Skills:
 + Level 11.0 Fighting
 + Level 10.0 Short Blades
 + Level 11.0 Long Blades
 + Level 10.0 Axes
 + Level 10.0 Maces & Flails
 + Level 10.0 Polearms
 + Level 10.0 Staves
 + Level 10.0 Slings
 + Level 10.0 Bows
 + Level 10.0 Crossbows
 + Level 10.3 Throwing
 + Level 11.3 Armour
 + Level 11.0 Dodging
 + Level 10.0 Stealth
 + Level 10.0 Shields
 + Level 10.0 Unarmed Combat
 + Level 11.1 Spellcasting
 + Level 8.4 Conjurations
 + Level 8.4 Hexes
 + Level 8.4 Charms
 + Level 8.4 Summonings
 + Level 8.4 Necromancy
 + Level 10.1 Translocations
 + Level 8.4 Transmutations
 + Level 8.4 Fire Magic
 + Level 8.4 Ice Magic
 + Level 8.4 Air Magic
 + Level 8.4 Earth Magic
 + Level 8.4 Poison Magic
 + Level 10.9 Invocations
 + Level 10.0 Evocations


You had 26 spell levels left.
You knew the following spells:

 Your Spells              Type           Power        Failure   Level  Hunger
a - Blink                 Tloc           N/A          1%          2    None
b - Shroud of Golubria    Chrm/Tloc      ######....   1%          2    None
c - Teleport Other        Tloc           ######..     2%          3    None
d - Lesser Beckoning      Tloc           ######....   2%          3    None

Your spell library contained the following spells:

 Spells                   Type           Power        Failure   Level  Hunger
 Gell's Gravitas          Tloc           ######....   2%          3    None
 Passage of Golubria      Tloc           N/A          8%          4    None


Dungeon Overview and Level Annotations

Branches:
Dungeon (15/15)            Temple (0/1) D:5            Lair (6/6) D:10
 Shoals (0/4) Lair:4        Snake (0/4) Lair:4        Slime (0/5) Lair:5
    Orc (0/2) D:11         Vaults (0/5) D:13
 Depths: D:15

Altars:
Ashenzari
Kikubaaqudgha
Trog
Xom
The Shining One
Jiyva

Shops:
D:8 [?*}:   D:13 *   D:14 *

Portals:
Trove: D:11 (give +5 ice dragon scales)

Annotations:
D:2 1 runed translucent door, Crazy Yiuf
D:7 2 runed translucent doors, Kisielow's ghost, novice MiFi
D:9 3 runed translucent doors, Tali's ghost, novice DsBe
D:12 1 runed translucent door, collin38's ghost, journeyman MiBe
Lair:2 exclusion: oklob plant
Lair:4 Sonja
Lair:5 exclusion: oklob plant


Innate Abilities, Weirdness & Mutations

Your experience applies equally to all skills.
You have very sharp teeth.
Your uncanny sense of smell can sniff out nearby items.


Message History

The deep elf knight shoots an arrow.
The arrow hits you!
* * * LOW HITPOINT WARNING * * *
A deep elf mage comes into view. It is wielding a +0 rapier.
The deep elf knight shoots an arrow.
You block the arrow.
There is a large open door here.
You see here 3 arrows.
You close the large door, pushing everything out of the way.
You start resting.
Something unseen opens the large door.
The deep elf knight shoots an arrow.
The arrow is repelled.
The deep elf mage mumbles some strange words.
The deep elf mage blinks!
The deep elf knight gestures at you while chanting.
The orb of energy hits you!!
* * * LOW HITPOINT WARNING * * *
The orb of energy explodes!
You closely miss the deep elf knight. Your bite misses the deep elf knight.
The deep elf knight gestures at you while chanting.
The orb of energy hits you!!
You die...

#.#......[...............
..#.#############.#####.#
..#.####..........# #.#
..#.##...########(#####.#
..#.##.#....(...."......#####
....#.....(....)^...........#
..###.....#..#..#..#()#..#..#
..###........[..............#
..##......).....@.(.........#
#.##.....########ee##########
#.##..#..# ∆#.§((#∆
.>....)..# ∆#.())#∆
###.#....# ####))..######.
#.#/#..# .......)).......
#.#....# ......./........
#.#....# #..######..#####
###.#.#..#.... ....


You could see a deep elf knight and a deep elf mage.

Vanquished Creatures
  Kirke (Lair:4)
  Louise (D:14)
  A minotaur (Gauntlet)
  6 hydras
  3 two-headed ogres
  A death knight (D:15)
  3 centaur warriors
  5 death yaks
  2 tengu warriors (D:14)
  A deep elf knight (D:13)
  3 unseen horrors
  A death drake (Gauntlet)
  A glowing orange brain (Gauntlet)
  Pikel (D:6)
  12 deep elf magi
  2 deep elf archers (D:13)
  A necromancer (D:13)
  3 ugly things
  5 black mambas
  A cyclops (D:11)
  A manticore (D:15)
  A spectral centaur (Gauntlet)
  7 elephants
  2 torpor snails
  22 spiny frogs
  5 rime drakes
  3 kobold demonologists
  5 komodo dragons
  7 trolls
  A polar bear (Lair:6)
  4 tyrant leeches (Lair:6)
  2 dream sheep (D:8)
  32 blink frogs
  A slime creature (D:8)
  4 hippogriffs
  A shadow (D:12)
  A vampire (D:12)
  36 yaks
  2 wyverns
  A hog (Lair:4)
  A basilisk (D:12)
  4 wraiths
  2 hungry ghosts
  Menkaure (D:5)
  A naga (Lair:4)
  8 vampire mosquitoes
  Edmund (D:4)
  2 acid dragons
  Duvessa (D:5)
  A two-headed ogre zombie (D:11)
  9 porcupines
  35 water moccasins
  A swamp drake (D:11)
  13 ice beasts
  2 black bears
  A hornet zombie (Gauntlet)
  6 orc warriors
  A slave (D:6)
  5 sky beasts
  7 centaurs
  5 phantoms
  5 ogres
  14 wolves
  14 crocodiles
  6 big kobolds
  A wyvern zombie (Gauntlet)
  24 bullfrogs
  A wyvern skeleton (D:10)
  7 scorpions
  Dowan (D:5)
  3 wights (D:10)
  4 killer bees (D:9)
  An electric eel (Lair:6)
  2 howler monkeys (D:4)
  A bullfrog zombie (D:5)
  7 crimson imps
  A quasit (D:5)
  4 centaur zombies
  5 hounds
  17 orc priests
  2 centaur skeletons
  5 jellies
  16 orc wizards
  4 bullfrog skeletons
  14 worker ants
  7 iguanas
  10 hell rats
  7 ogre zombies (D:11)
  A hound zombie (D:8)
  2 human simulacra (D:11)
  A hound skeleton (D:8)
  3 gnolls (D:6)
  29 adders
  4 river rats (Lair:1)
  3 shadow imps
  3 oozes
  2 adder skeletons (D:5)
  An adder zombie (D:6)
  3 worms
  2 dart slugs (D:2)
  9 leopard geckos
  93 orcs
  2 giant cockroaches
  8 goblins
  9 hobgoblins
  5 jackals
  5 quokkas
  2 ball pythons
  8 bats
  5 frilled lizards
  A goblin zombie (D:11)
  A hobgoblin skeleton (D:11)
  A hobgoblin zombie (D:11)
  20 kobolds
  3 orc skeletons (D:11)
  18 orc zombies (D:11)
  12 rats
  A butterfly (D:3)
  2 plants
741 creatures vanquished.

Vanquished Creatures (collateral kills)
  3 elephants (Lair:6)
3 creatures vanquished.

Vanquished Creatures (others)
  A merfolk siren (Lair:4)
  3 humans (Lair:4)
  A naga (Lair:4)
  An orc warrior (D:11)
  A bullfrog zombie (D:11)
  An orc wizard (D:11)
  An orc (D:11)
  An orc zombie (D:11)
  24 fungi
  43 plants
77 creatures vanquished.

Grand Total: 821 creatures vanquished

Notes
Turn   | Place    | Note
-------+----------+-------------------------------------------
     0 | D:1      | LostNumber the Gnoll Warper began the quest for the Orb.
     0 | D:1      | Reached XP level 1. HP: 20/20 MP: 6/6
   116 | D:1      | Reached XP level 2. HP: 19/26 MP: 7/7
   120 | D:1      | Learned a level 2 spell: Blink
   123 | D:1      | Learned a level 2 spell: Shroud of Golubria
   688 | D:1      | Reached XP level 3. HP: 31/31 MP: 9/9
   853 | D:2      | Reached skill level 5 in Spellcasting
   872 | D:2      | Reached skill level 1 in Invocations
   895 | D:2      | Learned a level 3 spell: Teleport Other
   934 | D:2      | Learned a level 3 spell: Lesser Beckoning
  1060 | D:2      | Reached skill level 1 in Short Blades
  1060 | D:2      | Reached skill level 1 in Axes
  1060 | D:2      | Reached skill level 1 in Maces & Flails
  1060 | D:2      | Reached skill level 1 in Polearms
  1060 | D:2      | Reached skill level 1 in Staves
  1060 | D:2      | Reached skill level 1 in Slings
  1060 | D:2      | Reached skill level 1 in Bows
  1060 | D:2      | Reached skill level 1 in Crossbows
  1060 | D:2      | Reached skill level 1 in Stealth
  1060 | D:2      | Reached skill level 1 in Shields
  1060 | D:2      | Reached skill level 1 in Unarmed Combat
  1060 | D:2      | Reached skill level 1 in Evocations
  1063 | D:2      | Reached XP level 4. HP: 31/38 MP: 8/11
  1234 | D:2      | Reached skill level 1 in Conjurations
  1234 | D:2      | Reached skill level 1 in Hexes
  1234 | D:2      | Reached skill level 1 in Charms
  1234 | D:2      | Reached skill level 1 in Summonings
  1234 | D:2      | Reached skill level 1 in Necromancy
  1234 | D:2      | Reached skill level 1 in Transmutations
  1234 | D:2      | Reached skill level 1 in Fire Magic
  1234 | D:2      | Reached skill level 1 in Ice Magic
  1234 | D:2      | Reached skill level 1 in Air Magic
  1234 | D:2      | Reached skill level 1 in Earth Magic
  1234 | D:2      | Reached skill level 1 in Poison Magic
  1478 | D:2      | Found a bloodstained altar of Trog.
  1724 | D:2      | Found a runed translucent door.
  1725 | D:2      | Noticed Crazy Yiuf
  1974 | D:2      | Reached XP level 5. HP: 39/43 MP: 12/12
  2002 | D:2      | Noticed a centaur
  2017 | D:2      | HP: 2/43 [centaur/+0 short sword (3)]
  2346 | D:2      | Killed a centaur
  2877 | D:3      | Found a shimmering altar of Xom.
  2890 | D:3      | Reached XP level 6. HP: 50/50 MP: 13/13
  3105 | D:2      | Became a worshipper of Trog the Wrathful
  3423 | D:3      | Found a glowing golden altar of the Shining One.
  3866 | D:4      | Reached skill level 5 in Fighting
  3866 | D:4      | Reached skill level 5 in Long Blades
  3866 | D:4      | Reached skill level 5 in Dodging
  4202 | D:5      | Entered Level 5 of the Dungeon
  4202 | D:5      | Noticed Edmund
  4202 | D:5      | Noticed a phantom
  4358 | D:4      | Reached XP level 7. HP: 31/56 MP: 15/15
  4880 | D:5      | Reached * piety under Trog
  5084 | D:5      | Noticed Menkaure
  5236 | D:4      | Killed Edmund
  5384 | D:4      | Reached XP level 8. HP: 63/63 MP: 16/16
  5448 | D:5      | Killed Menkaure
  5698 | D:5      | Found a staircase to the Ecumenical Temple.
  5728 | D:5      | Noticed Dowan
  5740 | D:5      | Killed Dowan
  5769 | D:5      | Noticed Duvessa
  5800 | D:5      | Killed Duvessa
  6050 | D:5      | Found a shattered altar of Ashenzari.
  6137 | D:5      | Reached ** piety under Trog
  6424 | D:6      | Reached XP level 9. HP: 69/69 MP: 18/18
  6725 | D:6      | Got a smoking ring mail
  6927 | D:6      | Identified the +3 ring mail of the Skies Above {rPois Str+6
                  | Dex+2 Stlth-} (You found it on level 6 of the Dungeon)
  7092 | D:6      | Reached skill level 5 in Throwing
  7092 | D:6      | Reached skill level 5 in Armour
  7420 | D:6      | Noticed Pikel
  7432 | D:6      | Killed Pikel
  7432 | D:6      | Reached skill level 5 in Invocations
  7794 | D:7      | Found a large runed translucent door.
  7795 | D:7      | Found a large runed translucent door.
  7796 | D:7      | Noticed Kisielow's ghost (novice MiFi)
  7837 | D:7      | Reached *** piety under Trog
  7982 | D:7      | Reached XP level 10. HP: 77/77 MP: 20/20
  8439 | D:8      | Noticed a two-headed ogre
  8452 | D:7      | Killed a two-headed ogre
  8452 | D:7      | Reached skill level 5 in Short Blades
  8452 | D:7      | Reached skill level 5 in Axes
  8452 | D:7      | Reached skill level 5 in Maces & Flails
  8452 | D:7      | Reached skill level 5 in Polearms
  8452 | D:7      | Reached skill level 5 in Staves
  8452 | D:7      | Reached skill level 5 in Slings
  8452 | D:7      | Reached skill level 5 in Bows
  8452 | D:7      | Reached skill level 5 in Crossbows
  8452 | D:7      | Reached skill level 5 in Stealth
  8452 | D:7      | Reached skill level 5 in Shields
  8452 | D:7      | Reached skill level 5 in Unarmed Combat
  8452 | D:7      | Reached skill level 5 in Evocations
  8512 | D:8      | Found Niugosen's General Store.
  8515 | D:8      | Bought a potion of might for 44 gold pieces
  8515 | D:8      | Bought a potion of haste for 110 gold pieces
  8522 | D:8      | Found Oqosy's Gadget Boutique.
  8560 | D:8      | Found Soziohuxt's Armour Shop.
  8883 | D:8      | Reached **** piety under Trog
  9358 | D:8      | Found Ruzek's Magic Scroll Shop.
  9366 | D:8      | Bought a scroll of magic mapping for 42 gold pieces
  9366 | D:8      | Bought a scroll of fear for 42 gold pieces
  9366 | D:8      | Bought a scroll of blinking for 90 gold pieces
  9649 | D:8      | Found Qots's Book Emporium.
  9740 | D:8      | Received a gift from Trog
  9775 | D:8      | Reached XP level 11. HP: 75/84 MP: 22/22
  9829 | D:8      | Noticed a two-headed hydra
  9834 | D:8      | Killed a one-headed hydra
 10274 | D:9      | Reached skill level 5 in Conjurations
 10274 | D:9      | Reached skill level 5 in Hexes
 10274 | D:9      | Reached skill level 5 in Charms
 10274 | D:9      | Reached skill level 5 in Summonings
 10274 | D:9      | Reached skill level 5 in Necromancy
 10274 | D:9      | Reached skill level 5 in Transmutations
 10274 | D:9      | Reached skill level 5 in Fire Magic
 10274 | D:9      | Reached skill level 5 in Ice Magic
 10274 | D:9      | Reached skill level 5 in Air Magic
 10274 | D:9      | Reached skill level 5 in Earth Magic
 10274 | D:9      | Reached skill level 5 in Poison Magic
 10576 | D:9      | Found a runed translucent gate.
 10576 | D:9      | Found a runed translucent gate.
 10576 | D:9      | Found a runed translucent gate.
 10577 | D:9      | Noticed Tali's ghost (novice DsBe)
 10798 | D:10     | Entered Level 10 of the Dungeon
 11071 | D:10     | Killed an unseen horror
 11624 | D:10     | Received a gift from Trog
 11641 | D:10     | Noticed a death yak
 11667 | D:10     | Killed a death yak
 11841 | D:10     | Found a staircase to the Lair.
 11841 | D:10     | Noticed a death yak
 11841 | D:10     | Noticed a death yak
 11898 | D:9      | Killed a death yak
 12462 | Lair:1   | Entered Level 1 of the Lair of Beasts
 12464 | Lair:1   | Noticed an eight-headed hydra
 12481 | Lair:1   | Killed a five-headed hydra
 12481 | Lair:1   | Reached XP level 12. HP: 28/93 MP: 24/24
 14407 | Lair:2   | Noticed an eight-headed hydra
 14415 | Lair:2   | Killed a five-headed hydra
 14450 | Lair:2   | Noticed a six-headed hydra
 14481 | Lair:2   | Killed a two-headed hydra
 14994 | Lair:2   | Received a gift from Trog
 15428 | Lair:3   | Noticed a death yak
 15430 | Lair:3   | Noticed a death yak
 15432 | Lair:3   | Noticed a death yak
 15464 | Lair:2   | Killed a death yak
 15932 | Lair:2   | Killed a death yak
 16289 | Lair:3   | Reached XP level 13. HP: 41/101 MP: 26/26
 16967 | Lair:4   | Noticed Kirke
 17074 | Lair:4   | Killed Kirke
 17074 | Lair:4   | Reached ***** piety under Trog
 17133 | Lair:4   | Noticed Sonja
 17169 | Lair:4   | Received a gift from Trog
 17702 | Lair:4   | Found a staircase to the Snake Pit.
 17746 | Lair:4   | Found a staircase to the Shoals.
 17954 | Lair:5   | Found a frozen archway.
 18163 | Lair:5   | Found a staircase to the Slime Pits.
 18164 | Lair:5   | Found a viscous altar of Jiyva.
 19096 | Lair:6   | Entered Level 6 of the Lair of Beasts
 19264 | Lair:6   | Reached skill level 10 in Spellcasting
 19321 | Lair:6   | Reached XP level 14. HP: 109/109 MP: 28/28
 20136 | Lair:6   | Received a gift from Trog
 20136 | Lair:6   | Reached skill level 10 in Fighting
 20136 | Lair:6   | Reached skill level 10 in Long Blades
 20136 | Lair:6   | Reached skill level 10 in Dodging
 21891 | Lair:6   | Reached skill level 10 in Invocations
 22062 | Lair:4   | Found the +8 whip "Snakebite" {curare, rPois}
 22420 | D:11     | Found a staircase to the Orcish Mines.
 22431 | D:11     | Received a gift from Trog
 22502 | D:11     | Reached skill level 10 in Armour
 22988 | D:11     | Found a portal to a secret trove of treasure.
 23039 | D:11     | Received a gift from Trog
 23771 | D:12     | Received a gift from Trog
 24323 | D:12     | Received a gift from Trog
 24591 | D:12     | Found a runed translucent door.
 24591 | D:12     | Identified the +7 trident "Oraesucu" {pierce, *Drain rPois
                  | rF++ rN+}
 24593 | D:12     | Noticed collin38's ghost (journeyman MiBe)
 24839 | D:13     | Found a gate to the Vaults.
 24901 | D:13     | Reached XP level 15. HP: 117/117 MP: 29/29
 25312 | D:13     | Found Furixzin's General Store.
 25336 | D:13     | Bought a scroll of teleportation for 51 gold pieces
 25342 | D:13     | You fall through a shaft for 2 floors!
 25342 | D:15     | Entered Level 15 of the Dungeon
 25379 | D:15     | Reached skill level 10 in Throwing
 25685 | D:14     | Found Dock's Assorted Antiques.
 25692 | D:14     | Bought a dazzling chain mail for 380 gold pieces
 25692 | D:14     | Bought a scroll of teleportation for 120 gold pieces
 25702 | D:14     | Identified the +3 chain mail of Gallantry {Regen+ Str-3
                  | Int+8 Dex-2} (You bought it in a shop on level 14 of the
                  | Dungeon)
 25718 | D:14     | Found a gate leading to a gauntlet.
 25727 | Gauntlet | Entered a Gauntlet
 25727 | Gauntlet | Found a transporter.
 25728 | Gauntlet | Found a runed translucent door.
 25730 | Gauntlet | Found a transporter.
 25732 | Gauntlet | Found a transporter.
 25734 | Gauntlet | Found a runed translucent door.
 25736 | Gauntlet | Found a transporter.
 25739 | Gauntlet | Found a transporter.
 25739 | Gauntlet | Found a transporter.
 25748 | Gauntlet | Found a transporter.
 25755 | Gauntlet | Found a transporter.
 26005 | Gauntlet | Got a bound pewter ring
 26061 | Gauntlet | Identified Toehiet's Almanac of Darkness and Augmentations
 26213 | D:14     | Identified the ring "Miezo" {*Tele +Blink rF+ Int-5 Dex+3}
                  | (You found it in a Gauntlet)
 26320 | D:14     | Found a shimmering altar of Xom.
 26320 | D:14     | Found a shimmering altar of Xom.
 26321 | D:14     | Found a shimmering altar of Xom.
 26321 | D:14     | Found a shimmering altar of Xom.
 26322 | D:14     | Found a shimmering altar of Xom.
 26339 | D:14     | Found an ancient bone altar of Kikubaaqudgha.
 26540 | D:14     | Noticed Louise
 26583 | D:14     | Killed Louise
 26583 | D:14     | Received a gift from Trog
 26927 | D:13     | Reached skill level 10 in Translocations
 27322 | D:13     | Received a gift from Trog
 27375 | D:13     | Reached skill level 10 in Short Blades
 27375 | D:13     | Reached skill level 10 in Axes
 27375 | D:13     | Reached skill level 10 in Maces & Flails
 27375 | D:13     | Reached skill level 10 in Polearms
 27375 | D:13     | Reached skill level 10 in Staves
 27375 | D:13     | Reached skill level 10 in Slings
 27375 | D:13     | Reached skill level 10 in Bows
 27375 | D:13     | Reached skill level 10 in Crossbows
 27375 | D:13     | Reached skill level 10 in Stealth
 27375 | D:13     | Reached skill level 10 in Shields
 27375 | D:13     | Reached skill level 10 in Unarmed Combat
 27375 | D:13     | Reached skill level 10 in Evocations
 27551 | D:13     | Killed from afar by a deep elf knight

Skill      XL: |  1  2  3  4  5  6  7  8  9 10 11 12 13 14 15 |
---------------+----------------------------------------------+-----
Spellcasting   | 5 6 7 8 9 10 11 | 11.1
Invocations    | 1 2 3 4 5 6 7 8 9 10 | 10.9
Short Blades   | 1 2 3 4 5 6 7 8 9 10 | 10.0
Axes           | 1 2 3 4 5 6 7 8 9 10 | 10.0
Maces & Flails | 1 2 3 4 5 6 7 8 9 10 | 10.0
Polearms       | 1 2 3 4 5 6 7 8 9 10 | 10.0
Staves         | 1 2 3 4 5 6 7 8 9 10 | 10.0
Slings         | 1 2 3 4 5 6 7 8 9 10 | 10.0
Bows           | 1 2 3 4 5 6 7 8 9 10 | 10.0
Crossbows      | 1 2 3 4 5 6 7 8 9 10 | 10.0
Stealth        | 1 2 3 4 5 6 7 8 9 10 | 10.0
Shields        | 1 2 3 4 5 6 7 8 9 10 | 10.0
Unarmed Combat | 1 2 3 4 5 6 7 8 9 10 | 10.0
Evocations     | 1 2 3 4 5 6 7 8 9 10 | 10.0
Conjurations   | 1 2 3 4 5 6 7 8 |  8.4
Hexes          | 1 2 3 4 5 6 7 8 |  8.4
Charms         | 1 2 3 4 5 6 7 8 |  8.4
Summonings     | 1 2 3 4 5 6 7 8 |  8.4
Necromancy     | 1 2 3 4 5 6 7 8 |  8.4
Transmutations | 1 2 3 4 5 6 7 8 |  8.4
Fire Magic     | 1 2 3 4 5 6 7 8 |  8.4
Ice Magic      | 1 2 3 4 5 6 7 8 |  8.4
Air Magic      | 1 2 3 4 5 6 7 8 |  8.4
Earth Magic    | 1 2 3 4 5 6 7 8 |  8.4
Poison Magic   | 1 2 3 4 5 6 7 8 |  8.4
Throwing       | 3 4 5 6 7 8 9 10 | 10.3
Armour         | 3 4 5 6 7 8 9 10 11 | 11.3
Fighting       | 5 6 7 8 9 10 11 | 11.0
Long Blades    | 5 6 7 8 9 10 11 | 11.0
Dodging        | 5 6 7 8 9 10 11 | 11.0
Translocations | 6 7 8 9 10 | 10.1

Action                   |  1- 3 |  4- 6 |  7- 9 | 10-12 | 13-15 || total
-------------------------+-------+-------+-------+-------+-------++-------
Melee: Falchion          |   101 |    86 |       |   114 |    77 ||   378
       Bite              |     8 |    15 |    62 |   172 |   314 ||   571
       Dagger            |       |   116 |   386 |   193 |       ||   695
       Punch             |       |     1 |     2 |    35 |   106 ||   144
       Long sword        |       |       |       |   314 |   498 ||   812
       Whip              |       |       |       |       |   945 ||   945
 Cast: Shroud of Golubri |     1 |     3 |       |       |       ||     4
       Blink             |     1 |     4 |       |       |       ||     5
Invok: Berserk           |       |       |    12 |    16 |    18 ||    46
       Trog's Hand       |       |       |     2 |     1 |     7 ||    10
       Brothers in Arms  |       |       |       |       |     1 ||     1
Evoke: Wand              |       |       |       |       |     3 ||     3
  Use: Scroll            |       |    10 |       |     7 |    16 ||    33
       Potion            |       |       |       |       |     2 ||     2
 Stab: Sleeping          |       |       |     1 |     7 |    10 ||    18
       Distracted        |       |       |       |     1 |     3 ||     4
  Eat: Chunk             |     1 |    10 |    23 |    26 |    48 ||   108
       Ration            |       |       |       |     5 |     4 ||     9
Armor: Leather armour    |    17 |    12 |       |       |       ||    29
       Ring mail         |       |    29 |    43 |   125 |   235 ||   432
       Scale mail        |       |       |    78 |       |       ||    78
       Chain mail        |       |       |       |       |   138 ||   138
Dodge: Dodged            |    91 |   134 |   273 |   565 |  1148 ||  2211
       Deflected         |     1 |     9 |     9 |     2 |    27 ||    48
Block: Buckler           |       |       |       |       |    60 ||    60
       Rpst.: Falchion   |    34 |    17 |       |    39 |    29 ||   119
       Long sword        |       |       |       |    92 |   132 ||   224
